 Dungeon Sprint DCSS version 0.30.1-9-gdf580d7c3d (webtiles) character file.

Game seed: 4921581948369646958

5400000 Heoruswealwe the Conqueror (level 21, -51/224 HPs)
             Began as a Pale Draconian Warper on Sept 27, 2023.
             Was the Champion of Makhleb.
             Annihilated by The Servant
             ... wielding a +9 glaive of flaming
              (104 damage)
             ... in the Dungeon (Sprint VIII: "Arena of Blood").
             The game lasted 00:06:55 (54 turns).

Heoruswealwe the Conqueror (Pale Draconian Warper)    Turns: 54, Time: 00:06:56

Health: -51/224    AC: 11    Str: 22    XL:     21   Next: 41%
Magic:  10/50      EV: 24    Int: 14    God:    Makhleb [******]
Gold:   0          SH:  0    Dex: 13    Spells: 70/70 levels left

rFire   . . .        i - +∞ Axe of Woe
rCold   . . .        (shield currently unavailable)
rNeg    . . .        (body armour unavailable)
rPois   .            (helmet restricted)
rElec   .            (no cloak)
rCorr   .            (no gloves)
SInv    .            (no boots)
Will    +....        (no amulet)
Stlth   +            (no ring)
HPRegen 0.57/turn    (no ring)
MPRegen 0.32/turn

%: no teleportation
@: short of breath
A: breathe steam, AC +11, unfitting armour, cold-blooded, steam resistance
a: Breathe Steam, Renounce Religion, Minor Destruction, Lesser Servant of
Makhleb, Major Destruction, Greater Servant of Makhleb


You were in the Dungeon.
You worshipped Makhleb.
Makhleb was exalted by your worship.
You visited 1 branch

Inventory:

Hand Weapons
 a - a +0 hand axe
 i - the +∞ Axe of Woe (weapon)
   (You found it in the Dungeon)
Missiles
 c - 7 boomerangs of dispersal (quivered)
Jewellery
 f - a ring of see invisible
Potions
 d - a potion of curing
 e - a potion of heal wounds
 g - 2 potions of magic
 h - a potion of berserk rage


   Skills:
 O Level 27 Fighting
 O Level 27 Axes
 - Level 0.8 Throwing
 + Level 25.4 Dodging
 + Level 25.4 Spellcasting
 O Level 27 Conjurations
 + Level 18.9 Hexes
 + Level 20.3 Summonings
 + Level 20.4 Necromancy
 O Level 27 Translocations
 + Level 20.3 Transmutations
 + Level 11.6 Fire Magic
 + Level 10.8 Ice Magic
 O Level 27 Invocations
 O Level 27 Evocations


You had 70 spell levels left.
You didn't know any spells.
Your spell library contained the following spells:

 Spells                   Type           Power      Damage    Failure   Level
 Blink                    Tloc           100%       N/A       0%          2
 Lesser Beckoning         Tloc           100%       N/A       0%          2
 Teleport Other           Tloc           75%        N/A       0%          3
 Manifold Assault         Tloc           75%        N/A       0%          4
 Vhi's Electric Charge    Tloc/Air       100%       N/A       1%          3


Dungeon Overview and Level Annotations

Branches:
Dungeon (1/1)

Altars:
Makhleb

Annotations:
D The Servant


Innate Abilities, Weirdness & Mutations

You can breathe blasts of scalding, opaque steam.
Your pale cyan-grey scales are hard. (AC +11)
You cannot fit into any form of body armour.
You are cold-blooded and may be slowed by cold attacks.
You are immune to the effects of steam.


Message History

The bag of meat is engulfed in a cloud of scalding steam.
The bag of meat hits you with a +9 war axe!
* * * LOW HITPOINT WARNING * * *
The bag of meat is engulfed in a cloud of scalding steam.
A bag of meat comes into view. It is wielding a +9 war axe. x2
You hear a shout!
A tyrant comes into view.
The meat berserker is engulfed in a cloud of scalding steam.
The sculptor of flesh is engulfed in blazing flames.
A bag of meat comes into view. It is wielding a +9 war axe.
The bag of meat shouts!
The tyrant shouts!
The bag of meat shouts!
You dice the meat berserker like an onion!!!
You cleave the meat berserker in twain.
You kill the meat berserker!
Makhleb accepts your kill.
You slash the bag of meat!
You cleave the bag of meat in twain.
You kill the bag of meat!
Makhleb accepts your kill.
You feel better.
You hit the sculptor of flesh but do no damage.
You pulverise the sculptor of flesh into a thin bloody mist.
You destroy the sculptor of flesh!
Makhleb accepts your kill.
You feel better.
You slice the bag of meat!!
You cleave the bag of meat in twain.
You kill the bag of meat!
Makhleb accepts your kill.
You feel better.
You hear a shout! x3
The eight-headed meat hydra calls on the powers of darkness!
The eight-headed meat hydra convulses!
The bag of meat convulses! x8
Your body is wracked with pain!
* * * LOW HITPOINT WARNING * * *
The Servant convulses!
A bag of meat comes into view. It is wielding a +9 war axe.
The destroyer points at you and mumbles some strange words.
The destroyer blinks!
The Servant is engulfed in a cloud of scalding steam.
The Servant hits you from afar with a +9 glaive of flaming!!!!
You die...

#.#....§V§.....o..
#...........D.§o. #.o
#.#...........oo.##L.o
.#.....#........#.oVo.
..§............o#...#
......##.#..§.V..o..
........)...§.§....
..####...)#§z§oo###
........§§@V@§..#.
........§)o))§....o.
###.....§§§.§§....##
#################


You could see a tyrant, The Servant, an eight-headed meat hydra, 3 destroyers, a
sculptor of flesh and 13 bags of meat.

Vanquished Creatures
  6 vampire knights (D)
  12 ogres (D)
  3 two-headed ogres (D)
  23 orcs (D)
  2 skeletal warriors (D)
46 creatures vanquished.

Notes
Turn   | Place    | Note
-------+----------+-------------------------------------------
     0 | D        | Found the +∞ Axe of Woe
     0 | D        | Heoruswealwe the Draconian Warper began the quest for the
                  | Orb.
     0 | D        | Reached XP level 1. HP: 17/17 MP: 3/3
     3 | D        | Noticed a bag of meat
     4 | D        | Killed a bag of meat
     5 | D        | Reached XP level 2. HP: 44/44 MP: 3/11
     5 | D        | Reached XP level 3. HP: 50/50 MP: 3/12
     5 | D        | Reached XP level 4. HP: 58/58 MP: 3/14
     5 | D        | Reached XP level 5. HP: 64/64 MP: 3/15
     5 | D        | Reached XP level 6. HP: 72/72 MP: 3/17
     5 | D        | Your scales start taking on a pale cyan-grey colour.
     5 | D        | Reached XP level 7. HP: 79/79 MP: 3/18
     5 | D        | Gained mutation: You are immune to the effects of steam.
                  | [Pale Draconian growth]
     5 | D        | Reached XP level 8. HP: 86/86 MP: 3/20
     5 | D        | Reached XP level 9. HP: 93/93 MP: 3/21
     5 | D        | Reached XP level 10. HP: 101/101 MP: 3/22
     6 | D        | Became a worshipper of Makhleb the Destroyer
     7 | D        | Noticed a meat berserker
     8 | D        | Killed a meat berserker
     8 | D        | Noticed a bag of meat
     9 | D        | Reached skill level 15 in Axes
     9 | D        | Reached skill level 10 in Dodging
     9 | D        | Reached skill level 10 in Spellcasting
     9 | D        | Reached skill level 10 in Conjurations
     9 | D        | Reached XP level 11. HP: 114/114 MP: 3/25
     9 | D        | Reached XP level 12. HP: 122/122 MP: 3/26
    10 | D        | Noticed a bag of meat
    10 | D        | Noticed a bag of meat
    11 | D        | Noticed a bag of meat
    11 | D        | Noticed a bag of meat
    11 | D        | Noticed a bag of meat
    11 | D        | Noticed a bag of meat
    11 | D        | Noticed a meat berserker
    11 | D        | Noticed a bag of meat
    11 | D        | Noticed a meat berserker
    12 | D        | Noticed a bag of meat
    12 | D        | Noticed a meat berserker
    12 | D        | Noticed a bag of meat
    13 | D        | Noticed a bag of meat
    13 | D        | Noticed a large bag of meat
    14 | D        | Noticed a bag of meat
    14 | D        | Noticed a bag of meat
    15 | D        | Killed a bag of meat
    15 | D        | Reached * piety under Makhleb
    15 | D        | Noticed a meat berserker
    15 | D        | Noticed a bag of meat
    16 | D        | Reached XP level 13. HP: 90/132 MP: 4/27
    16 | D        | Killed a bag of meat
    16 | D        | Killed a meat berserker
    17 | D        | Reached XP level 14. HP: 146/146 MP: 4/30
    17 | D        | Noticed a destroyer
    17 | D        | Noticed a bag of meat
    17 | D        | Noticed a bag of meat
    17 | D        | Noticed a meat berserker
    18 | D        | Killed a bag of meat
    18 | D        | Reached ** piety under Makhleb
    19 | D        | Noticed a meat berserker
    19 | D        | Noticed a large bag of meat
    19 | D        | Noticed a meat berserker
    19 | D        | Noticed a bag of meat
    21 | D        | Killed a bag of meat
    21 | D        | Killed a bag of meat
    22 | D        | Reached skill level 15 in Invocations
    22 | D        | Reached skill level 15 in Evocations
    22 | D        | Killed a meat berserker
    22 | D        | Reached *** piety under Makhleb
    22 | D        | Killed a meat berserker
    23 | D        | Reached skill level 15 in Conjurations
    23 | D        | Reached skill level 15 in Translocations
    23 | D        | Reached XP level 15. HP: 163/163 MP: 5/33
    23 | D        | Killed a meat berserker
    23 | D        | Noticed a large bag of meat
    24 | D        | Reached skill level 15 in Dodging
    24 | D        | Reached skill level 15 in Spellcasting
    24 | D        | Reached XP level 16. HP: 174/174 MP: 5/35
    24 | D        | Killed a meat berserker
    24 | D        | Reached **** piety under Makhleb
    26 | D        | Reached ***** piety under Makhleb
    26 | D        | Killed a destroyer
    26 | D        | Killed a meat berserker
    27 | D        | Reached skill level 27 in Fighting
    27 | D        | Reached skill level 27 in Axes
    27 | D        | Reached XP level 17. HP: 191/191 MP: 5/39
    27 | D        | Killed a meat berserker
    27 | D        | Killed a large bag of meat
    28 | D        | Reached XP level 18. HP: 168/200 MP: 6/41
    28 | D        | Noticed a meat berserker
    29 | D        | Noticed an eight-headed meat hydra
    30 | D        | Killed a large bag of meat
    30 | D        | Reached ****** piety under Makhleb
    31 | D        | Reached skill level 10 in Summonings
    31 | D        | Reached skill level 10 in Necromancy
    31 | D        | Reached skill level 10 in Transmutations
    31 | D        | Noticed a meat berserker
    31 | D        | Noticed a meat berserker
    31 | D        | Noticed a sculptor of flesh
    31 | D        | Noticed a destroyer
    31 | D        | Noticed a destroyer
    31 | D        | Noticed The Servant
    33 | D        | Killed a sculptor of flesh
    33 | D        | Noticed a destroyer
    34 | D        | Noticed a sculptor of flesh
    34 | D        | Killed a destroyer
    35 | D        | Reached XP level 19. HP: 203/207 MP: 7/44
    35 | D        | Killed a destroyer
    35 | D        | Noticed a destroyer
    39 | D        | Noticed a destroyer
    42 | D        | Killed a meat berserker
    42 | D        | Killed a meat berserker
    43 | D        | Reached skill level 15 in Summonings
    43 | D        | Reached skill level 15 in Necromancy
    43 | D        | Reached skill level 15 in Transmutations
    44 | D        | Killed a meat berserker
    45 | D        | Reached XP level 20. HP: 216/216 MP: 8/46
    45 | D        | Noticed a meat berserker
    46 | D        | Killed a destroyer
    46 | D        | Killed a destroyer
    47 | D        | Reached skill level 27 in Invocations
    47 | D        | Reached skill level 27 in Evocations
    49 | D        | Reached skill level 5 in Fire Magic
    50 | D        | Killed a destroyer
    51 | D        | Reached XP level 21. HP: 77/224 MP: 9/49
    51 | D        | Killed a large bag of meat
    52 | D        | Reached skill level 27 in Conjurations
    52 | D        | Reached skill level 27 in Translocations
    52 | D        | Reached skill level 10 in Fire Magic
    52 | D        | Reached skill level 10 in Ice Magic
    53 | D        | Noticed a destroyer
    53 | D        | Noticed a destroyer
    53 | D        | Noticed a destroyer
    53 | D        | Noticed a tyrant
    54 | D        | Annihilated by The Servant

Illustrated notes

Levels and vault maps discovered:
D:        meatsprint

Skill      XL: |  1  2  3  4  5  6  7  8  9 10 11 12 13 14 15 16 17 18 19 20 21 |
---------------+----------------------------------------------------------------+-----
Fighting       | 13 16 17 19 23 24 27 | 27.0
Axes           | 12 15 18 21 22 27 | 27.0
Dodging        | 8 10 12 14 15 18 19 21 22 24 25 | 25.4
Spellcasting   | 8 10 12 14 15 18 19 21 22 24 25 | 25.4
Conjurations   | 8 10 11 13 15 16 19 20 22 24 26 27 | 27.0
Translocations | 9 11 13 15 16 20 21 22 24 26 27 | 27.0
Invocations    | 9 11 12 14 17 21 22 24 26 27 | 27.0
Evocations     | 8 9 11 12 14 17 21 22 24 26 27 | 27.0
Hexes          | 6 11 14 17 18 | 18.9
Summonings     | 6 11 15 19 20 | 20.3
Necromancy     | 6 11 15 19 20 | 20.4
Transmutations | 6 11 15 19 20 | 20.3
Fire Magic     | 8 11 | 11.6
Ice Magic      | 8 10 | 10.8
Throwing       | |  0.8

Action                     |  1- 3 |  4- 6 |  7- 9 | 10-12 | 13-15 | 16-18 | 19-21 || total
---------------------------+-------+-------+-------+-------+-------+-------+-------++-------
  Melee: Executioner's axe |     1 |       |       |     2 |     5 |     9 |    11 ||    28
Ability: Breathe Steam     |       |       |       |       |       |       |     1 ||     1
    Use: Potion            |     1 |       |       |       |       |       |       ||     1
         Scroll            |       |       |       |       |       |     1 |     1 ||     2
